 Dungeon Crawl Stone Soup version 0.31.0-11-ge490571c62 (webtiles) character file.

Game seed: 13951389134326593894

252 Arcadio the Skirmisher (level 6, 0/50 HPs)
             Began as a Gnoll Hunter on Jan 29, 2024.
             Slain by a gnoll
             ... wielding a +0 spear of distortion
              (6 damage)
             ... on level 4 of the Dungeon.
             The game lasted 00:05:22 (3031 turns).

Arcadio the Skirmisher (Gnoll Hunter)               Turns: 3031, Time: 00:05:22

Health: 0/50       AC:  3    Str: 10    XL:     6   Next: 14%
Magic:  8/8        EV: 14    Int:  8    God:
Gold:   117        SH:  0    Dex: 18    Spells: 8/8 levels left

rFire   . . .        a - +0 shortbow
rCold   . . .        (shield currently unavailable)
rNeg    . . .        c - +0 leather armour
rPois   .            (helmet currently unavailable)
rElec   .            (cloak currently unavailable)
rCorr   .            (gloves currently unavailable)
SInv    .            (boots currently unavailable)
Will    .....        (no amulet)
Stlth   ++           (no ring)
HPRegen 0.28/turn    (no ring)
MPRegen 0.11/turn

%: no passive effects
@: beast-form
A: beast (slay +0), fangs 1, strong nose, distributed training
a: Begin Untransformation


You were on level 4 of the Dungeon.
You were a hulking beast.
You visited 1 branch of the dungeon, and saw 4 of its levels.

You collected 117 gold pieces.

Inventory:

Hand Weapons
 a - a +0 shortbow (weapon)
Armour
 c - a +0 leather armour (worn)
Jewellery
 l - a ring of wizardry
Talismans
 j - a beast talisman (active)
Wands
 n - a wand of roots (4)
 p - a wand of flame (21)
Scrolls
 b - a scroll of butterflies
 d - a scroll of immolation {unknown}
 f - 2 scrolls of revelation {unknown}
 g - 5 scrolls of teleportation {unknown}
 i - a scroll of fear {unknown}
 k - a scroll of torment {unknown}
 m - 2 scrolls of vulnerability {unknown}
 q - a scroll of acquirement {unknown}
 t - a scroll of identify {unknown}
Potions
 e - a potion of curing {unknown}
 h - a potion of enlightenment {unknown}
 o - a potion of cancellation {unknown}
 r - a potion of lignification {unknown}
 s - a potion of magic {unknown}
 u - a potion of haste {unknown}
 v - a potion of degeneration {unknown}
 w - a potion of mutation {unknown}
 x - a potion of resistance {unknown}


   Skills:
 + Level 4.9 Fighting
 + Level 1.9 Short Blades
 + Level 1.9 Long Blades
 + Level 1.9 Axes
 + Level 1.9 Maces & Flails
 + Level 1.9 Polearms
 + Level 1.9 Staves
 + Level 8.7 Ranged Weapons
 + Level 1.9 Throwing
 + Level 1.9 Armour
 + Level 4.9 Dodging
 + Level 3.0 Stealth
 + Level 1.9 Shields
 + Level 1.9 Unarmed Combat
 + Level 1.9 Spellcasting
 + Level 1.5 Conjurations
 + Level 1.5 Hexes
 + Level 1.5 Summonings
 + Level 1.5 Necromancy
 + Level 1.5 Translocations
 + Level 1.5 Fire Magic
 + Level 1.5 Ice Magic
 + Level 1.5 Air Magic
 + Level 1.5 Earth Magic
 + Level 1.5 Alchemy
 + Level 2.1 Invocations
 + Level 1.9 Evocations
 + Level 1.7 Shapeshifting


You had 8 spell levels left.
You didn't know any spells.
Your spell library contained the following spells:

 Spells                   Type           Power      Damage    Failure   Level
 Apportation              Tloc           6%         N/A       26%         1
 Necrotise                Necr           12%        1d4       26%         1
 Sting                    Conj/Alch      12%        1d3       26%         1
 Summon Small Mammal      Summ           12%        N/A       26%         1
 Ensorcelled Hibernation  Hex/Ice        6%         N/A       36%         2
 Passwall                 Erth           3%         N/A       61%         3
 Swiftness                Air            3%         N/A       61%         3
 Iskenderun's Battlesphe  Conj           3%         2d6       100%        5
 Bombard                  Conj/Erth      1%         9d1       100%        6
 Spellforged Servitor     Conj/Summ      1%         N/A       100%        7


Dungeon Overview and Level Annotations

Branches:
Dungeon (4/15)
 Temple: D:4-7

Altars:
Nemelex Xobeh
Uskayaw

Annotations:
D:4 3 runed translucent doors, blundermoth's ghost, amateur DrCj


Innate Abilities, Weirdness & Mutations

You are a hulking beast.
Your limbs bulge with bestial killing power. (Slay +0)
You have very sharp teeth.
Your uncanny sense of smell can sniff out nearby items.
Your experience applies equally to all skills.


Message History

A gnoll comes into view.
It is wielding a +0 spear of distortion.
Fire: a) +0 shortbow
Press: ? - help, Q - select action, (/) - cycle Shift-Dir - straight line, f/p - orc
Aim: an orc, wielding a +0 hand axe, wearing a +0 scale mail and quivering boomerangs (heavily wounded, 71% to hit)
You shoot an arrow. The gnoll shouts!
The arrow hits the orc!
You kill the orc!
Fire: a) +0 shortbow
Press: ? - help, Q - select action, (/) - cycle Shift-Dir - straight line, f - gnoll
Aim: a gnoll, wielding a +0 club (71% to hit)
You shoot an arrow.
The arrow hits the gnoll but does no damage.
Fire: a) +0 shortbow
Press: ? - help, Q - select action, (/) - cycle Shift-Dir - straight line, f/p - gnoll
Aim: a gnoll, wielding a +0 club (71% to hit)
You shoot an arrow. The arrow hits the gnoll.
The gnoll is moderately wounded.
Fire: a) +0 shortbow
Press: ? - help, Q - select action, (/) - cycle Shift-Dir - straight line, f/p - gnoll
Aim: a gnoll, wielding a +0 club (moderately wounded, 71% to hit)
You shoot an arrow. The arrow barely misses the gnoll.
The arrow hits the gnoll!
The gnoll is heavily wounded.
Fire: a) +0 shortbow
Press: ? - help, Q - select action, (/) - cycle Shift-Dir - straight line, f/p - gnoll
Aim: a gnoll, wielding a +0 club (moderately wounded, 71% to hit)
You shoot an arrow. The arrow hits the gnoll.
The gnoll is moderately wounded.
The gnoll barely misses you. The gnoll hits you with a +0 club.
The gnoll hits you from afar with a +0 spear of distortion.
Space warps horribly around you! The gnoll hits you with a +0 club.
The gnoll attacks as it pursues you! The gnoll barely misses you.
The gnoll closely misses you. The gnoll attacks as it pursues you!
The gnoll hits you from afar with a +0 spear of distortion.
Space warps horribly around you!
* * * LOW HITPOINT WARNING * * *
The gnoll attacks as it pursues you!
The gnoll hits you from afar with a +0 spear of distortion.
You die...

#..##...#.........#
#...## #...# #..
#..#.###......###..##
##..##
#...####...#...##..##
#....
....#.##...##.......#
#....
....................##
#....
....................#
##...
..#.....#....##.##
#....
.......###....###
##... .......#####h..#
#...
..........gg.###≈~~
##).
...........).8.8.8#
#..
...........#......+
#..
..........#.#8.8.8#
#..
P..........#####≈~~#
##.. P...).....##..
≈≈≈. #...
PP...P...........# ≈≈≈
##...
.PP..P....##.....# ≈≈
##....


You could see 2 gnolls.

Vanquished Creatures
  A bombardier beetle (D:4)
  An iguana (D:4)
  A sleepcap (D:4)
  5 gnolls (D:4)
  3 adders
  2 ribbon worms
  A dart slug (D:1)
  5 orcs
  8 ball pythons
  5 endoplasms
  5 giant cockroaches
  5 goblins
  8 hobgoblins
  3 jackals (D:2)
  5 quokkas
  3 bats
  6 frilled lizards
  6 kobolds
  9 rats
82 creatures vanquished.

Notes
Turn   | Place    | Note
-------+----------+-------------------------------------------
     0 | D:1      | Arcadio the Gnoll Hunter began the quest for the Orb.
     0 | D:1      | Reached XP level 1. HP: 20/20 MP: 1/1
    64 | D:1      | Reached XP level 2. HP: 26/26 MP: 2/2
   223 | D:1      | Reached XP level 3. HP: 31/31 MP: 3/3
   419 | D:1      | Reached skill level 1 in Invocations
   714 | D:2      | Reached skill level 1 in Short Blades
   714 | D:2      | Reached skill level 1 in Long Blades
   714 | D:2      | Reached skill level 1 in Axes
   714 | D:2      | Reached skill level 1 in Maces & Flails
   714 | D:2      | Reached skill level 1 in Polearms
   714 | D:2      | Reached skill level 1 in Staves
   714 | D:2      | Reached skill level 1 in Throwing
   714 | D:2      | Reached skill level 1 in Armour
   714 | D:2      | Reached skill level 1 in Shields
   714 | D:2      | Reached skill level 1 in Unarmed Combat
   714 | D:2      | Reached skill level 1 in Spellcasting
   714 | D:2      | Reached skill level 1 in Evocations
  1050 | D:2      | Reached skill level 1 in Shapeshifting
  1050 | D:2      | Reached XP level 4. HP: 38/38 MP: 5/5
  1514 | D:3      | Reached skill level 1 in Conjurations
  1514 | D:3      | Reached skill level 1 in Hexes
  1514 | D:3      | Reached skill level 1 in Summonings
  1514 | D:3      | Reached skill level 1 in Necromancy
  1514 | D:3      | Reached skill level 1 in Translocations
  1514 | D:3      | Reached skill level 1 in Fire Magic
  1514 | D:3      | Reached skill level 1 in Ice Magic
  1514 | D:3      | Reached skill level 1 in Air Magic
  1514 | D:3      | Reached skill level 1 in Earth Magic
  1514 | D:3      | Reached skill level 1 in Alchemy
  1892 | D:3      | Found a sparkling altar of Nemelex Xobeh.
  2074 | D:4      | Found a hide-covered altar of Uskayaw.
  2200 | D:4      | Reached XP level 5. HP: 41/43 MP: 5/7
  2677 | D:4      | Found a runed translucent gate.
  2678 | D:4      | Found a runed translucent gate.
  2679 | D:4      | Found a runed translucent gate.
  2682 | D:4      | Noticed blundermoth's ghost (amateur DrCj)
  2752 | D:4      | Reached XP level 6. HP: 34/50 MP: 8/8
  3031 | D:4      | Slain by a gnoll

Illustrated notes

Levels and vault maps discovered:
D:1:      noname_arrival_rooms_in_the_neighbourhood, layout_rooms,
          minmay_door_square, minmay_quantized
D:2:      layout_basic, mrwooster_statue_mirror, minivault_19,
          minmay_pentomino_r2
D:3:      layout_loops_ring, nemelex_dance_club_becter, supply_closet_lemuel,
          minmay_distorted
D:4:      layout_layer_cave, kennysheep_orc_sif_temple,
          mainiacjoe_overflow_catch_the_wave, hangedman_ru_absence,
          gammafunk_ghost_split

Skill      XL: |  1  2  3  4  5 |
---------------+----------------+-----
Invocations    | 1 2 |  2.1
Short Blades   | 1 |  1.9
Long Blades    | 1 |  1.9
Axes           | 1 |  1.9
Maces & Flails | 1 |  1.9
Polearms       | 1 |  1.9
Staves         | 1 |  1.9
Throwing       | 1 |  1.9
Armour         | 1 |  1.9
Shields        | 1 |  1.9
Unarmed Combat | 1 |  1.9
Spellcasting   | 1 |  1.9
Evocations     | 1 |  1.9
Shapeshifting  | 1 |  1.7
Conjurations   | 1 |  1.5
Hexes          | 1 |  1.5
Summonings     | 1 |  1.5
Necromancy     | 1 |  1.5
Translocations | 1 |  1.5
Fire Magic     | 1 |  1.5
Ice Magic      | 1 |  1.5
Air Magic      | 1 |  1.5
Earth Magic    | 1 |  1.5
Alchemy        | 1 |  1.5
Stealth        | 3 |  3.0
Fighting       | |  4.9
Ranged Weapons | |  8.7
Dodging        | |  4.9

Action                     |  1- 3 |  4- 6 || total
---------------------------+-------+-------++-------
   Fire: Shortbow          |   105 |   128 ||   233
 Armour: Leather armour    |    12 |    23 ||    35
  Dodge: Dodged            |    21 |    30 ||    51
   Form: Beast             |     1 |       ||     1
